 Dungeon Crawl Stone Soup version 0.27.1-4-g1640c2035a (webtiles) character file.

Game seed: 6397515213014610293

882 MisterFreud the Fighter (level 7, -1/102 HPs)
             Began as a Minotaur Abyssal Knight on Nov 5, 2021.
             Was a Priest of Lugonu.
             Succumbed to Eustachio's poison
             ... on level 5 of the Dungeon.
             The game lasted 00:05:01 (4235 turns).

MisterFreud the Fighter (Minotaur Abyssal Knight)   Turns: 4235, Time: 00:05:02

Health: -1/102     AC: 23    Str: 18      XL:     7   Next: 76%
Magic:  7/7        EV:  2    Int:  9      God:    Lugonu [***...]
Gold:   28         SH:  0    Dex:  9 (10) Spells: 6/6 levels left

rFire    . . .     SeeInvis .   a - +1 falchion
rCold    . . .     Faith    .   (no shield)
rNeg     + + +     Spirit   .   (armour currently unavailable)
rPois    +         Reflect  .   (helmet currently unavailable)
rElec    .         Harm     .   (cloak currently unavailable)
rCorr    .         Rampage  .   (gloves currently unavailable)
Will     .....     NoTele   +   (boots currently unavailable)
Stlth    +.........             (no amulet)
HPRegen  0.27/turn              (no ring)
MPRegen  0.10/turn              (no ring)

@: lethally poisoned (-1 -> -23), tree-form
A: stationary, stasis, torment immunity, boosted hp, (horns 2), (retaliatory
headbutt)
a: Renounce Religion, Depart the Abyss, Bend Space, Banish


You were on level 5 of the Dungeon.
You worshipped Lugonu.
Lugonu was most pleased with you.
You were a tree.
You visited 1 branch of the dungeon, and saw 5 of its levels.
You visited the Abyss 1 time.

You collected 148 gold pieces.
You spent 120 gold pieces at shops.

Inventory:

Hand Weapons
 a - a +1 falchion (weapon)
Missiles
 m - 4 poisoned darts (quivered)
 n - 2 boomerangs
Armour
 b - a +0 leather armour
 f - a +0 ring mail
 i - a +3 ring mail (melded)
Scrolls
 d - 3 scrolls of holy word {unknown}
 g - 3 scrolls of identify {unknown}
 k - 2 scrolls of teleportation {unknown}
 p - 2 scrolls of enchant armour {unknown}
 s - a scroll of brand weapon {unknown}
Potions
 e - a potion of cancellation {unknown}
 h - a potion of flight {unknown}
 j - a potion of mutation {unknown}
 q - a potion of degeneration {unknown}


   Skills:
 - Level 8.0 Fighting
 + Level 6.1 Long Blades
 - Level 6.0 Armour
 - Level 1.1 Dodging
 - Level 1.7 Invocations


You had 6 spell levels left.
You didn't know any spells.
Your spell library contained the following spells:

 Spells                   Type           Power      Damage    Failure   Level
 Frozen Ramparts          Ice            0%         1d2       77%         3
 Ice Form                 Ice/Tmut       0%         N/A       99%         4
 Summon Ice Beast         Ice/Summ       0%         N/A       99%         4


Dungeon Overview and Level Annotations

Branches:
Dungeon (5/15)
 Temple: D:4-7

Altars:
Yredelemnul

Shops:
D:4 !!:

Annotations:
D:4 2 transporters, Jaiteiro's ghost, amateur TrFi
D:5 Eustachio


Innate Abilities, Weirdness & Mutations

You are a tree.
Your roots penetrate the ground, keeping you stationary.
You cannot be teleported.
You are immune to unholy pain and torment.
Your maximum health is greatly increased.
Your equipment is partially melded.
((You have a pair of horns on your head.))
((You reflexively headbutt those who attack you in melee.))


Message History

Eustachio hits you with a +3 rapier of venom.
* * * LOW HITPOINT WARNING * * *
You are poisoned.
You closely miss Eustachio.
Eustachio is severely wounded.
You feel sick.
Eustachio gestures wildly while chanting.
You hit Eustachio but do no damage.
Eustachio is almost dead.
You feel sick.
Eustachio hits you with a +3 rapier of venom.
* * * LOW HITPOINT WARNING * * *
You are lethally poisoned!
The quokka bites you but does no damage.
Unknown command.
Unknown command.
You feel better.
The quokka bites you but does no damage.
Eustachio says, "Summoning is fun!"
Eustachio mumbles some strange words.
You hit Eustachio. Your headbutt misses Eustachio.
Eustachio is almost dead.
The quokka bites you but does no damage.
Eustachio hits you with a +3 rapier of venom.
* * * LOW HITPOINT WARNING * * *
You are poisoned.
You closely miss Eustachio.
Eustachio is almost dead.
You feel very sick.
The quokka bites you but does no damage.
Eustachio hits you with a +3 rapier of venom!
* * * LOW HITPOINT WARNING * * *
You are more poisoned.
Unknown command.
Unknown command.
Unknown command.
Really quaff the potion of lignification?
You turn into a tree.
Your +3 ring mail melds into your body.
Your roots penetrate the ground.
You die...

#...#r# #...#<#
#.....#
#.....######
#..........#
###...####.##
#.........#
###...####..#
.....#♣r#..#
####..#@##..#
#......b.#..#
#.###..(.#..#
#.(..((###..#
#.######>.....#
#.....)(......#
###############


You could see Eustachio (poisoned), a quokka (summoned) and a bat (summoned).

Vanquished Creatures
  Edmund (D:5)
  Duvessa (D:5)
  A water moccasin (D:5)
  2 phantoms
  Dowan (D:5)
  A water moccasin skeleton (D:5)
  An orc priest (D:4)
  A hound (D:4)
  Jessica (D:3)
  Natasha (thrice) (D:3)
  An orc wizard (D:5)
  A hound skeleton (D:2)
  Robin (D:3)
  An adder (D:5)
  A howler monkey skeleton (D:4)
  2 worms
  3 dart slugs
  6 orcs
  7 endoplasms
  3 giant cockroaches
  15 goblins
  8 hobgoblins
  5 jackals
  4 kobolds
  5 ball pythons
  4 bats
  5 frilled lizards
  2 rats
87 creatures vanquished.

Notes
Turn   | Place    | Note
-------+----------+-------------------------------------------
     0 | Abyss:1  | MisterFreud the Minotaur Abyssal Knight began the quest for
                  | the Orb.
     0 | Abyss:1  | Reached XP level 1. HP: 19/19 MP: 1/1
     9 | Abyss:1  | Found a corrupted altar of Lugonu.
    11 | D:1      | Escaped the Abyss
    71 | D:1      | Reached skill level 4 in Fighting
    85 | D:1      | Reached XP level 2. HP: 24/28 MP: 2/2
   141 | D:1      | You fall into a shaft and drop 1 floor!
   571 | D:2      | Reached ** piety under Lugonu
   642 | D:2      | Reached skill level 5 in Fighting
   810 | D:2      | Reached XP level 3. HP: 36/36 MP: 3/3
   921 | D:2      | Found a faded altar of an unknown god.
  1724 | D:2      | Found a basalt altar of Yredelemnul.
  2168 | D:3      | Noticed Jessica
  2175 | D:3      | Killed Jessica
  2176 | D:3      | Reached skill level 6 in Fighting
  2176 | D:3      | Reached XP level 4. HP: 34/44 MP: 4/4
  2267 | D:3      | Noticed Robin
  2274 | D:3      | Killed Robin
  2696 | D:3      | Noticed Natasha
  2703 | D:3      | Killed Natasha
  2704 | D:3      | Reached skill level 7 in Fighting
  2704 | D:3      | Reached XP level 5. HP: 38/52 MP: 5/5
  2868 | D:3      | Noticed Natasha
  2877 | D:3      | Killed Natasha
  2888 | D:3      | Noticed Natasha
  2894 | D:3      | Killed Natasha
  3095 | D:4      | Found Gaehebbath's Distillery.
  3098 | D:4      | Bought a potion of curing for 30 gold pieces
  3098 | D:4      | Bought a potion of lignification for 30 gold pieces
  3105 | D:4      | Found a transporter.
  3107 | D:4      | Noticed Jaiteiro's ghost (amateur TrFi)
  3123 | D:4      | Found a transporter.
  3226 | D:4      | Noticed a phantom
  3233 | D:4      | Killed a phantom
  3234 | D:4      | Reached skill level 8 in Fighting
  3234 | D:4      | Reached XP level 6. HP: 59/61 MP: 6/6
  3329 | D:4      | Found Igannum's Distillery.
  3439 | D:4      | Bought a potion of heal wounds for 60 gold pieces
  3588 | D:4      | Found Jiociyto's Book Shop.
  3672 | D:5      | Entered Level 5 of the Dungeon
  3672 | D:5      | Noticed Edmund
  3694 | D:5      | Killed Edmund
  3695 | D:5      | Reached skill level 5 in Armour
  3695 | D:5      | Reached XP level 7. HP: 31/68 MP: 7/7
  3932 | D:5      | Noticed Duvessa
  3932 | D:5      | Noticed Dowan
  3943 | D:5      | Killed Duvessa
  3949 | D:5      | Killed Dowan
  4046 | D:5      | Reached skill level 5 in Long Blades
  4054 | D:5      | Noticed Eustachio
  4094 | D:5      | Reached *** piety under Lugonu
  4234 | D:5      | HP: 3/68 [Eustachio (8)]
  4235 | D:5      | Succumbed to Eustachio's poison

Illustrated notes

Levels and vault maps discovered:
D:1:      scummos_arrival_forest, layout_loops_ring, minmay_indecisive_spiral
D:2:      layout_loops_corners, basic_altar, basic_ecumenical_altar
D:3:      layout_rooms, minmay_misc_feat_x, uniq_jessica, uniq_natasha,
          uniq_robin
D:4:      layout_loops_corners, gammafunk_ghost_mausoleum, serial_shops,
          nicolae_shop_behind_doors, nicolae_stop_n_shop_1,
          nicolae_stop_n_shop_1, nicolae_shop_window_shopping,
          nicolae_shop_behind_doors
D:5:      layout_basic, uniq_edmund, uniq_duvessa, uniq_eustachio

Skill      XL: |  1  2  3  4  5  6  7 |
---------------+----------------------+-----
Fighting       | 4 5 6 7 8 |  8.0
Armour         | 3 5 6 |  6.0
Long Blades    | 6 |  6.1
Dodging        | |  1.1
Invocations    | |  1.7

Action                   |  1- 3 |  4- 6 |  7- 9 || total
-------------------------+-------+-------+-------++-------
Melee: Falchion          |    83 |   113 |    77 ||   273
       Headbutt          |    12 |    20 |     6 ||    38
Throw: Dart              |       |       |     5 ||     5
  Use: Potion            |       |     2 |     4 ||     6
Armor: Leather armour    |     6 |       |       ||     6
       Ring mail         |    14 |    51 |    24 ||    89
       Skin              |       |       |    51 ||    51
Dodge: Dodged            |    47 |    66 |    26 ||   139
       Rpst.: Falchion   |    13 |    17 |     8 ||    38
